 Dungeon Crawl Stone Soup version 0.25-a0-700-g7f8a7979f0 (webtiles) character file.

Game seed: 15797934406821319209, levelgen mode: deterministic

13 Esekla the Skirmisher (level 2, 0/29 HPs)
             Began as a Gnoll Abyssal Knight on Apr 2, 2020.
             Was a Follower of Lugonu.
             Slain by a frilled lizard (1 damage)
             ... on level 1 of the Dungeon.
             The game lasted 00:02:06 (337 turns).

Esekla the Skirmisher (Gnoll Abyssal Knight)         Turns: 337, Time: 00:02:06

Health: 0/29       AC:  3    Str: 14    XL:     2   Next: 37%
Magic:  5/5        EV: 12    Int: 14    God:    Lugonu [*.....]
Gold:   28         SH:  0    Dex: 14    Spells: 1/1 levels left

rFire    . . .     SeeInvis .   a - +1 falchion
rCold    . . .     Gourm    .   (no shield)
rNeg     . . .     Faith    .   b - +0 leather armour
rPois    .         Spirit   .   (no helmet)
rElec    .         Reflect  .   (no cloak)
rCorr    .         Harm     .   (no gloves)
MR       .....                  (no boots)
Stlth    +.........             (no amulet)
HPRegen  0.09/turn              (no ring)
MPRegen  0.09/turn              (no ring)

@: no status effects
A: distributed training, fangs 1, strong nose
a: Depart the Abyss, Renounce Religion


You were on level 1 of the Dungeon.
You worshipped Lugonu.
Lugonu was aware of your devotion.
You were not hungry.

You visited 1 branch of the dungeon, and saw 1 of its levels.
You visited the Abyss 1 time.

You collected 28 gold pieces.

Inventory:

Hand Weapons
 a - a +1 falchion (weapon)
Armour
 b - a +0 leather armour (worn)
Scrolls
 i - a scroll of blinking {unknown}
 j - a scroll of remove curse {unknown}
 k - a scroll of identify {unknown}
Potions
 d - a potion of mutation {unknown}
 e - a potion of resistance {unknown}
 f - a potion of curing {unknown}
 g - a potion of magic {unknown}
 h - a potion of lignification {unknown}
Comestibles
 c - 2 rations


   Skills:
 + Level 6.4 Fighting
 + Level 0.3 Short Blades
 + Level 4.4 Long Blades
 + Level 0.3 Axes
 + Level 0.3 Maces & Flails
 + Level 0.3 Polearms
 + Level 0.3 Staves
 + Level 0.3 Slings
 + Level 0.3 Bows
 + Level 0.3 Crossbows
 + Level 0.3 Throwing
 + Level 4.4 Armour
 + Level 2.4 Dodging
 + Level 0.3 Stealth
 + Level 0.3 Shields
 + Level 0.3 Unarmed Combat
 + Level 0.3 Spellcasting
 + Level 0.2 Conjurations
 + Level 0.2 Hexes
 + Level 0.2 Charms
 + Level 0.2 Summonings
 + Level 0.2 Necromancy
 + Level 0.2 Translocations
 + Level 0.2 Transmutations
 + Level 0.2 Fire Magic
 + Level 0.2 Ice Magic
 + Level 0.2 Air Magic
 + Level 0.2 Earth Magic
 + Level 0.2 Poison Magic
 + Level 4.5 Invocations
 + Level 0.3 Evocations


You had one spell level left.
You didn't know any spells.
Your spell library was empty.

Dungeon Overview and Level Annotations

Branches:
Dungeon (1/15)

Altars:


Innate Abilities, Weirdness & Mutations

Your experience applies equally to all skills.
You have very sharp teeth.
Your uncanny sense of smell can sniff out nearby items.


Message History

The frilled lizard bites you but does no damage.
You miss the kobold. The bat hits you but does no damage.
The kobold hits you but does no damage.
The frilled lizard bites you but does no damage.
You barely miss the kobold. The bat closely misses you.
You riposte.
You hit the bat but do no damage.
The kobold hits you with a +0 short sword.
* * * LOW HITPOINT WARNING * * *
The frilled lizard barely misses you.
You riposte.
You closely miss the frilled lizard. Your bite misses the frilled lizard.
You barely miss the kobold. The bat hits you but does no damage.
The bat misses you.
You riposte.
You hit the bat but do no damage. The kobold completely misses you.
The frilled lizard barely misses you.
You closely miss the kobold. The bat hits you but does no damage.
The kobold hits you with a +0 short sword.
* * * LOW HITPOINT WARNING * * *
The frilled lizard closely misses you.
You barely miss the kobold. The bat closely misses you.
The kobold hits you but does no damage. The frilled lizard bites you.
You die...

#### #.# #.# ##...## #.#
#.# ###.....## #.# ###.#
.........###(#######....
............(..)..##.#.#
...............##.†..#.#
.............#.##....#.#
......K.(##..#.#.......#
#...bl@###..#.........#
#.###)## #............#
#. #.#####....### #.
#.## #....# .. ##..#
#.#..# .# #...######## #
## #...#'......#### ∆
#...#........##.
#.#.#...##...##.


You could see a bat, a kobold and a frilled lizard.

Vanquished Creatures
  A leopard gecko (D:1)
  2 goblins (D:1)
  A hobgoblin (D:1)
  A kobold (D:1)
  5 bats (D:1)
  A frilled lizard (D:1)
11 creatures vanquished.

Notes
Turn   | Place    | Note
-------+----------+-------------------------------------------
     0 | Abyss:1  | Esekla the Gnoll Abyssal Knight began the quest for the
                  | Orb.
     0 | Abyss:1  | Reached XP level 1. HP: 23/23 MP: 3/3
    51 | Abyss:1  | Noticed a ynoxinul
    65 | Abyss:1  | Noticed a ynoxinul
    69 | Abyss:1  | Noticed a large abomination
    71 | D:1      | Escaped the Abyss
   285 | D:1      | Reached XP level 2. HP: 22/29 MP: 5/5
   300 | D:1      | Reached * piety under Lugonu
   336 | D:1      | HP: 1/29 [kobold/+0 short sword (3)]
   337 | D:1      | Slain by a frilled lizard

Levels and vault maps discovered:
D:1:      minmay_arrival_four_loops, layout_loops_ring

Action                   || total
-------------------------++-------
Melee: Falchion          ||    35
       Bite              ||     2
Invok: Depart the Abyss  ||     1
Armor: Leather armour    ||    22
Dodge: Dodged            ||    38
       Rpst.: Falchion   ||    14

Table legend:
 A = Non-vault XP
 B = Vault XP
 C = Vault XP percentage of total XP
 D = Non-vault monster count
 E = Vault monster count
 F = Vault count percentage of total count
                 A         B        C        D         E       F
            +---------+---------+-------+---------+---------+-------
      Total |      19 |       0 |   0.0 |      11 |       0 |   0.0
            +---------+---------+-------+---------+---------+-------
        D:1 |      19 |       0 |   0.0 |      11 |       0 |   0.0
            +---------+---------+-------+---------+---------+-------
